 Dungeon Sprint DCSS version 0.23-a0-396-g5214e5f (webtiles) character file.

9000000 namelastname112 the Formicid Barricade (level 27, -20/249 HPs)
             Began as a Formicid Fighter on Nov 2, 2018.
             Was the Champion of Makhleb.
             Demolished by a meat berserker
             ... wielding a +9 battleaxe
              (46 damage)
             ... in the Dungeon (Sprint VIII: "Arena of Blood").
             The game lasted 00:01:47 (90 turns).

namelastname112 the Formicid Barricade (FoFi)         Turns: 90, Time: 00:01:48

Health: -20/249    AC: 13    Str: 23    XL:     27
Magic:  36/54      EV: 32    Int: 10    God:    Makhleb [******]
Gold:   0          SH: 19    Dex: 19    Spells: 80/80 levels left

rFire    . . .     SeeInvis +   k - +โˆž Axe of Woe
rCold    . . .     Gourm    .   b - +0 shield
rNeg     . . .     Faith    .   a - +0 scale mail
rPois    .         Spirit   .   (helmet unavailable)
rElec    .         Reflect  .   (no cloak)
rCorr    .         Harm     .   (no gloves)
MR       ++...                  (no boots)
Stlth    ++++++++..             (no amulet)
HPRegen  0.51/turn              (no ring)
MPRegen  0.34/turn              (no ring)

@: no status effects
A: permanent stasis, dig shafts and tunnels, four strong arms, antennae 3
a: Dig, Minor Destruction, Lesser Servant of Makhleb, Major Destruction, Greater
Servant of Makhleb, Renounce Religion


You were in the Dungeon.
You worshipped Makhleb.
Makhleb was exalted by your worship.
You were not hungry.

You visited 1 branch

Inventory:

Hand Weapons
 k - the +โˆž Axe of Woe (weapon)
   (You found it in the Dungeon)
Armour
 a - a +0 scale mail (worn)
 b - a +0 shield (worn)
Scrolls
 j - a scroll of blinking
Potions
 c - a potion of might
 e - a potion of curing
 f - a potion of heal wounds
 g - a potion of haste
 h - 2 potions of magic
 i - a potion of berserk rage
Comestibles
 d - a ration


   Skills:
 O Level 27 Fighting
 O Level 27 Axes
 O Level 27 Throwing
 O Level 27 Armour
 O Level 27 Dodging
 O Level 27 Stealth
 O Level 27 Shields
 O Level 27 Unarmed Combat
 O Level 27 Spellcasting
 O Level 27 Invocations


You had 80 spell levels left.
You didn't know any spells.
Your spell library was empty.

Dungeon Overview and Level Annotations

Branches:
Dungeon (1/1)

Altars:
Makhleb


Innate Abilities, Weirdness & Mutations

You cannot be hasted, slowed, berserked, paralysed or teleported.
You can dig through walls and to a lower floor.
Your four strong arms can wield two-handed weapons with a shield.
You have a pair of large antennae on your head. (SInv)


Message History

You hear a shout! x2
A small abomination, a large abomination and 2 crawling corpses come into view.
You take 5 damage, and have 59/249 hp.
You hear a shout! x4
The eight-headed meat hydra calls on the powers of darkness!
The eight-headed meat hydra convulses!
The bag of meat convulses!
The eight-headed meat hydra convulses!
The bag of meat convulses! x2
Your body is wracked with pain!
* * * LOW HITPOINT WARNING * * *
The meat berserker convulses! x3
You hear a shout!
An eight-headed meat hydra comes into view.
You hear a shout! x2
A bag of meat comes into view. It is wielding a +9 war axe.
You hear a shout!
The reaper hits you from afar with a glowing scythe.
* * * LOW HITPOINT WARNING * * *
You hear a shout!
The meat berserker hits you with a +9 battleaxe!!!
You die...

...ยง.......
..V...D.. {
#...o...# { ..
#... ...# {
.%.###... ...###.{
........###O......
#zo...)z)_2.......
.o..#x)%xO#....
{.O{ #_)Xo@# . {{
#)).x)# { {{
o..Do_.oD......
......###..x.{...
..###... .W.###.{.
. #... ..O# ..
#.......# {
......... { ......


You could see a reaper, 3 eight-headed meat hydras, a sculptor of flesh, a large
abomination, a wretched soul (invisible), 3 meat berserkers, a small
abomination, 4 bags of meat and 3 crawling corpses.

Vanquished Creatures
  3 hell beasts (D)
  2 greater mummies (D)
  2 wraiths (D)
  10 vampire knights (D)
  17 ogres (D)
  2 two-headed ogres (D)
  A lich (D)
  27 orcs (D)
  A phantom (D)
  A skeletal warrior (D)
  3 large abominations (D)
  2 small abominations (D)
71 creatures vanquished.

Vanquished Creatures (others)
  A crawling corpse (D)
1 creature vanquished.

Grand Total: 72 creatures vanquished

Notes
Turn   | Place    | Note
-------+----------+-------------------------------------------
     0 | D        | Found the +โˆž Axe of Woe
     0 | D        | namelastname112 the Formicid Fighter began the quest for
                  | the Orb.
     0 | D        | Reached XP level 1. HP: 18/18 MP: 1/1
     4 | D        | Became a worshipper of Makhleb the Destroyer
     7 | D        | Noticed a bag of meat
    10 | D        | Noticed a bag of meat
    11 | D        | Killed a bag of meat
    11 | D        | Reached XP level 2. HP: 47/47 MP: 2/2
    11 | D        | Reached XP level 3. HP: 53/53 MP: 3/3
    11 | D        | Reached XP level 4. HP: 60/60 MP: 4/4
    11 | D        | Reached XP level 5. HP: 67/67 MP: 5/5
    11 | D        | Reached XP level 6. HP: 74/74 MP: 6/6
    11 | D        | Reached XP level 7. HP: 80/80 MP: 7/7
    11 | D        | Reached XP level 8. HP: 87/87 MP: 8/8
    11 | D        | Reached XP level 9. HP: 94/94 MP: 9/9
    11 | D        | Reached XP level 10. HP: 101/101 MP: 10/10
    11 | D        | Reached XP level 11. HP: 107/107 MP: 11/11
    11 | D        | Reached XP level 12. HP: 114/114 MP: 12/12
    11 | D        | Noticed a meat berserker
    11 | D        | Noticed a bag of meat
    12 | D        | Noticed a bag of meat
    12 | D        | Noticed a meat berserker
    13 | D        | Killed a bag of meat
    13 | D        | Reached * piety under Makhleb
    13 | D        | Reached XP level 13. HP: 126/126 MP: 13/13
    13 | D        | Noticed a bag of meat
    14 | D        | Killed a meat berserker
    14 | D        | Reached XP level 14. HP: 141/141 MP: 14/14
    14 | D        | Reached XP level 15. HP: 148/148 MP: 15/15
    14 | D        | Noticed a meat berserker
    16 | D        | Killed a meat berserker
    16 | D        | Reached skill level 10 in Axes
    16 | D        | Reached XP level 16. HP: 160/160 MP: 16/16
    16 | D        | Reached ** piety under Makhleb
    17 | D        | Reached skill level 27 in Shields
    18 | D        | Killed a meat berserker
    18 | D        | Reached skill level 27 in Fighting
    18 | D        | Reached skill level 27 in Armour
    18 | D        | Reached skill level 15 in Unarmed Combat
    18 | D        | Reached XP level 17. HP: 174/174 MP: 17/17
    18 | D        | Reached *** piety under Makhleb
    18 | D        | Reached XP level 18. HP: 182/182 MP: 18/18
    18 | D        | Noticed a meat berserker
    19 | D        | Noticed a meat berserker
    20 | D        | Noticed a large bag of meat
    21 | D        | Killed a meat berserker
    21 | D        | Reached skill level 27 in Axes
    22 | D        | Killed a meat berserker
    22 | D        | Reached **** piety under Makhleb
    22 | D        | Reached XP level 19. HP: 189/189 MP: 19/19
    22 | D        | Reached skill level 27 in Unarmed Combat
    23 | D        | Noticed a meat berserker
    24 | D        | Noticed a large bag of meat
    24 | D        | Noticed a destroyer
    25 | D        | Killed a large bag of meat
    25 | D        | Reached skill level 10 in Dodging
    25 | D        | Reached XP level 20. HP: 197/197 MP: 19/35
    25 | D        | Reached skill level 15 in Stealth
    27 | D        | Reached ***** piety under Makhleb
    27 | D        | Killed a destroyer
    27 | D        | Reached skill level 15 in Dodging
    27 | D        | Reached XP level 21. HP: 204/204 MP: 19/42
    28 | D        | Noticed a meat berserker
    28 | D        | Noticed a destroyer
    29 | D        | Killed a meat berserker
    31 | D        | Reached XP level 22. HP: 212/212 MP: 20/46
    32 | D        | Noticed a destroyer
    34 | D        | Killed a destroyer
    34 | D        | Reached ****** piety under Makhleb
    34 | D        | Reached skill level 27 in Stealth
    34 | D        | Reached XP level 23. HP: 219/219 MP: 20/50
    35 | D        | Reached skill level 27 in Invocations
    37 | D        | Reached skill level 27 in Throwing
    37 | D        | Reached skill level 27 in Spellcasting
    39 | D        | Reached skill level 27 in Dodging
    39 | D        | Reached XP level 24. HP: 227/227 MP: 22/54
    40 | D        | Noticed a destroyer
    44 | D        | Killed a destroyer
    44 | D        | Reached XP level 25. HP: 234/234 MP: 23/54
    44 | D        | Noticed a destroyer
    45 | D        | Noticed a destroyer
    47 | D        | Killed a destroyer
    47 | D        | Noticed a large bag of meat
    50 | D        | Killed a destroyer
    50 | D        | Reached XP level 26. HP: 71/242 MP: 25/54
    50 | D        | Noticed a destroyer
    52 | D        | Killed a destroyer
    54 | D        | Noticed a tyrant
    54 | D        | Noticed an accursed
    55 | D        | Killed a destroyer
    55 | D        | Reached XP level 27. HP: 249/249 MP: 26/54
    55 | D        | Killed a large bag of meat
    56 | D        | Killed a tyrant
    59 | D        | Noticed a dread
    63 | D        | Noticed a destroyer
    64 | D        | Noticed a meat beast
    67 | D        | Killed a meat beast
    69 | D        | Noticed a dread
    69 | D        | Noticed a destroyer
    69 | D        | Noticed a destroyer
    70 | D        | Killed an accursed
    70 | D        | Noticed a meat beast
    70 | D        | Noticed an accursed
    71 | D        | Noticed a large bag of meat
    71 | D        | Noticed a dread
    73 | D        | Killed a destroyer
    76 | D        | Killed a dread
    77 | D        | Killed a destroyer
    77 | D        | Killed a destroyer
    79 | D        | Killed a meat beast
    81 | D        | Killed a dread
    84 | D        | Noticed a meat beast
    86 | D        | Killed an accursed
    88 | D        | Killed a meat beast
    90 | D        | Demolished by a meat berserker

Vault maps used:
D:        meatsprint

Skill      XL: |  1  2  3  4  5  6  7  8  9 10 11 12 13 14 15 16 17 18 19 20 21 22 23 |
---------------+----------------------------------------------------------------------+-----
Fighting       | 17 19 22 24 27 | 27.0
Axes           | 4 6 8 10 18 21 27 | 27.0
Armour         | 17 19 22 24 27 | 27.0
Shields        | 18 20 23 25 27 | 27.0
Unarmed Combat | 7 9 11 12 15 17 26 27 | 27.0
Throwing       | 11 17 20 23 27 | 27.0
Dodging        | 10 15 18 21 27 | 27.0
Stealth        | 14 21 24 27 | 27.0
Spellcasting   | 11 17 20 23 27 | 27.0
Invocations    | 13 19 23 26 27 | 27.0

Action                   |  1- 3 |  4- 6 |  7- 9 | 10-12 | 13-15 | 16-18 | 19-21 | 22-24 | 25-27 || total
-------------------------+-------+-------+-------+-------+-------+-------+-------+-------+-------++-------
Melee: Executioner's axe |     1 |       |       |     1 |     2 |     5 |     5 |    10 |    26 ||    50
Armor: Scale mail        |       |       |       |       |       |       |       |       |     1 ||     1
Dodge: Dodged            |       |       |       |       |       |       |       |       |     3 ||     3
Block: Shield            |       |       |       |       |       |     1 |       |     1 |     1 ||     3

Table legend:
 A = Non-vault XP
 B = Vault XP
 C = Vault XP percentage of total XP
 D = Non-vault monster count
 E = Vault monster count
 F = Vault count percentage of total count
                 A         B        C        D         E       F
            +---------+---------+-------+---------+---------+-------
      Total | 1866870 |  627271 |  25.1 |      41 |      30 |  42.3
            +---------+---------+-------+---------+---------+-------
          D | 1866870 |  627271 |  25.1 |      41 |      30 |  42.3
            +---------+---------+-------+---------+---------+-------
